Map: Abyssal Reef LE

Players

SamuraiFunn

  • Race: Protoss Protoss
  • Spawn Location: 11:00

A.I. 1 (Very Hard) - Winner!

  • Race: Zerg Zerg
  • Spawn Location: 5:00

VOD

Have the link to the VOD?

Description

Time

  • Played on: Nov. 18, 2017, 12:47 p.m.
  • Length: 11:52
Show
View Real Time Build Order
Export as new Build Order

SamuraiFunn Protoss 

Build Orders: Colossus Rush 

Get SALT Encoding   

  12  0:04  Probe  
  13  0:18  Probe  
  14  0:22  Pylon  
  14  0:30  Probe  
  15  0:41  Assimilator  
  15  0:43  Probe  
  16  0:52  Gateway  
  16  0:55  Probe (Chrono Boost)  
  18  1:07  Probe (Chrono Boost)  
  18  1:11  Probe  
  19  1:19  Assimilator  
  19  1:23  Probe (Chrono Boost)  
  21  1:35  Probe (Chrono Boost)  
  21  1:41  Cybernetics Core  
  21  1:42  Probe  
  22  2:02  Probe, Pylon  
  23  2:20  Zealot  
  23  2:21  Robotics Facility  
  25  2:25  Warp Gate (Chrono Boost)  
  25  2:34  Pylon  
  25  2:40  Nexus  
  25  2:58  Probe  
  26  3:06  Robotics Facility  
  26  3:10  Probe  
  27  3:18  Assimilator  
  27  3:22  Probe  
  28  3:36  Probe  
  28  3:38  Zealot  
  31  3:48  Probe  
  32  3:52  Robotics Bay  
  32  3:57  Pylon  
  32  3:59  Probe  
  32  4:00  Probe  
  34  4:06  Zealot  
  36  4:17  Gateway  
  36  4:52  Colossus  
  36  4:53  Colossus  
  43  5:00  Extended Thermal Lance  
  48  5:05  Robotics Facility  
  48  5:13  Probe x2, Gateway  
  50  5:21  Assimilator  
  50  5:25  Probe x2  
  52  5:32  Zealot  
  54  5:53  Zealot  
  56  6:02  Probe  
  56  6:03  Probe  
  58  6:15  Probe x2  
  60  6:20  Pylon  
  60  6:21  Pylon  
  60  6:25  Pylon  
  60  6:35  Probe x2, Robotics Facility  
  60  6:37  Colossus  
  60  6:39  Pylon, Colossus  
  74  6:55  Forge x2  
  74  7:01  Pylon  
  74  7:04  Probe x2  
  74  7:05  Pylon  
  76  7:09  Stalker  
  78  7:30  Colossus  
  78  7:35  Colossus  
  90  7:40  Colossus  
  90  7:43  Probe x2  
  98  8:01  Nexus  
  98  8:22  Probe x2  
  100  8:31  Colossus  
  106  8:34  Probe x2  
  106  8:39  Pylon  
  108  8:42  Pylon  
  108  8:46  Pylon  
  108  8:50  Assimilator  
  108  8:54  Assimilator  
  108  9:00  Protoss Ground Weapons Level 1 (Chrono Boost)  
  108  9:07  Colossus  
  108  9:09  Protoss Shields Level 1 (Chrono Boost)  
  114  9:33  Colossus x2  
  114  9:38  Colossus  
  126  9:42  Stalker  
  134  9:51  Stalker x2  
  138  10:11  Warp Prism  
  122  10:26  Warp Prism  
  76  10:35  Colossus x2  
  88  10:56  Colossus  
  88  10:59  Stalker x3  
  78  11:23  Stalker x2  
  78  11:24  Stalker  
Show
View Real Time Build Order
Export as new Build Order

A.I. 1 (Very Hard) Zerg - Winner!

Build Orders: Pool First 

Get SALT Encoding   

  12  0:00  Drone  
  13  0:12  Overlord  
  13  0:17  Drone  
  14  0:31  Drone x2  
  16  0:42  Spawning Pool  
  16  0:45  Drone  
  16  0:49  Drone  
  17  1:14  Hatchery  
  17  1:15  Drone  
  17  1:18  Extractor  
  16  1:21  Drone  
  16  1:24  Drone  
  18  1:29  Drone  
  19  1:38  Overlord  
  19  1:49  Drone  
  19  1:53  Queen  
  22  2:00  Zergling x2  
  23  2:11  Drone  
  24  2:21  Drone  
  25  2:29  Queen  
  27  2:31  Roach Warren  
  26  2:37  Drone  
  26  2:40  Extractor  
  26  2:42  Drone  
  27  2:49  Overlord  
  27  2:52  Drone  
  27  2:56  Drone  
  30  2:58  Drone  
  30  3:01  Drone  
  30  3:04  Drone  
  32  3:07  Zergling x2  
  32  3:10  Zergling x2  
  34  3:15  Roach  
  34  3:19  Roach  
  38  3:23  Roach  
  38  3:26  Roach  
  42  3:29  Drone  
  42  3:31  Drone  
  44  3:37  Overlord  
  44  3:44  Lair  
  44  3:55  Drone x4  
  48  3:58  Drone  
  48  4:00  Drone  
  50  4:03  Drone  
  50  4:04  Drone  
  50  4:09  Overlord  
  52  4:27  Zergling x2, Drone x5  
  58  4:35  Zergling x4, Overlord  
  60  4:39  Overlord  
  60  4:45  Hydralisk Den, Drone  
  60  4:47  Drone, Infestation Pit  
  60  4:53  Roach x3  
  60  4:56  Roach  
  68  5:00  Overlord  
  68  5:14  Hydralisk x2  
  68  5:15  Hydralisk x2  
  68  5:18  Drone x2  
  68  5:20  Overlord  
  78  5:24  Hive  
  78  5:29  Infestor  
  78  5:35  Overlord  
  80  5:38  Overlord  
  80  5:43  Drone, Evolution Chamber  
  80  5:47  Overlord  
  80  5:50  Drone, Evolution Chamber  
  80  5:52  Overlord  
  80  5:58  Infestor  
  80  5:59  Zergling x2  
  80  6:00  Zergling x2  
  80  6:02  Zergling x2  
  80  6:03  Zergling x2  
  86  6:09  Zergling x2, Overlord  
  86  6:10  Zergling x2  
  88  6:12  Overlord  
  88  6:25  Infestor  
  88  6:27  Drone  
  88  6:29  Extractor  
  88  6:31  Drone  
  91  6:32  Extractor  
  91  6:33  Drone  
  91  6:34  Evolution Chamber  
  91  6:35  Hydralisk, Drone  
  93  6:44  Hydralisk  
  95  6:47  Spine Crawler  
  95  6:48  Drone  
  95  6:49  Spine Crawler  
  95  6:50  Drone  
  95  6:52  Drone x3  
  98  6:55  Drone x2  
  98  6:57  Drone, Ravager  
  98  7:00  Roach  
  104  7:07  Ravager  
  105  7:14  Roach  
  105  7:15  Drone, Hatchery  
  106  7:16  Roach  
  106  7:20  Overseer  
  109  7:35  Drone, Spire  
  109  7:37  Drone, Spore Crawler  
  109  7:38  Spore Crawler  
  109  7:39  Drone  
  109  7:52  Metabolic Boost  
  109  8:02  Zerg Melee Weapons Level 1  
  108  8:18  Spine Crawler  
  107  8:21  Zerg Missile Weapons Level 1  
  107  8:23  Queen  
  110  8:27  Drone x4  
  110  8:28  Drone x4  
  110  8:29  Drone x5  
  110  8:30  Drone x3, Overlord  
  125  8:35  Zerg Ground Armor Level 1  
  125  8:36  Extractor  
  125  8:37  Drone  
  125  8:38  Drone  
  125  8:39  Hatchery  
  125  8:41  Drone  
  126  8:43  Extractor  
  126  8:47  Mutalisk  
  127  8:48  Corruptor  
  127  8:49  Drone, Corruptor  
  127  8:53  Corruptor  
  134  8:58  Drone x3, Overlord  
  134  9:02  Corruptor  
  139  9:05  Drone x2  
  139  9:09  Drone  
  142  9:12  Corruptor  
  142  9:16  Corruptor  
  146  9:20  Overlord  
  146  9:22  Mutalisk  
  148  9:28  Corruptor  
  150  9:34  Corruptor  
  152  9:39  Overlord  
  152  9:40  Corruptor  
  154  9:47  Mutalisk  
  154  9:51  Queen  
  158  9:53  Spine Crawler, Mutalisk  
  158  9:55  Spore Crawler  
  158  10:00  Mutalisk  
  158  10:02  Overlord  
  158  10:03  Roach  
  158  10:05  Roach  
  162  10:07  Overseer  
  162  10:12  Overseer  
  162  10:18  Zergling x4, Drone, Spore Crawler, Roach  
  162  10:19  Zergling x2, Roach  
  162  10:21  Roach  
  161  10:22  Queen  
  161  10:24  Hydralisk  
  161  10:28  Hydralisk  
  154  10:34  Ravager  
  157  10:38  Spine Crawler  
  157  10:39  Drone  
  157  10:40  Spine Crawler  
  157  10:41  Drone, Mutalisk  
  159  10:48  Mutalisk  
  161  10:53  Zergling x2, Drone, Spine Crawler  
  161  10:55  Drone, Spore Crawler, Mutalisk  
  161  10:56  Spine Crawler  
  156  10:58  Drone  
  156  11:02  Mutalisk  
  155  11:09  Mutalisk  
  157  11:17  Mutalisk  
  159  11:19  Spore Crawler  
  159  11:20  Spore Crawler  
  159  11:22  Spore Crawler  
  159  11:24  Mutalisk  
  158  11:26  Zergling x2  
  158  11:27  Zergling x8  
  158  11:28  Zergling x2  
  158  11:29  Zergling x2  
  158  11:30  Hatchery  
  158  11:31  Zergling x2  
Tags
 
Matchup
PvZ
Opening
Pool First
Replay Pack
First 100 games
Spawn Locations
Cross Positions
Add a new tag
Caveats
  • Supply blocks, unpowered buildings, or Contaminate may cause inaccurate times.
  • Supply counts are checked every 10 seconds.